Map: Eis und Chrom LE

Players

WretchedSoul - Winner!

  • Race: Zerg Zerg
  • League: Diamond
  • Spawn Location: 1:00

BossTerran

  • Race: Terran Terran
  • League: Diamond
  • Spawn Location: 7:00

VOD

Have the link to the VOD?

Description

Time

  • Played on: June 29, 2020, 3:40 p.m.
  • Length: 26:19
Show
View Real Time Build Order
Export as new Build Order

WretchedSoul Zerg - Winner!

Build Orders: Pool First 

Get SALT Encoding   

  12  0:01  Drone  
  13  0:15  Extractor  
  12  0:24  Spawning Pool  
  12  0:27  Drone  
  12  0:32  Drone  
  13  0:39  Drone  
  14  0:49  Overlord  
  14  1:11  Zergling x4  
  16  1:16  Metabolic Boost  
  16  1:18  Drone  
  17  1:22  Drone  
  18  1:39  Hatchery  
  17  1:42  Drone  
  18  1:50  Overlord  
  18  1:55  Drone  
  19  2:05  Drone  
  19  2:06  Queen  
  22  2:21  Drone  
  23  2:32  Drone  
  23  2:35  Extractor  
  23  2:37  Zergling x2  
  23  2:42  Queen  
  26  2:54  Drone x2  
  26  2:56  Queen  
  31  3:04  Drone  
  31  3:05  Drone  
  33  3:21  Queen  
  33  3:22  Hatchery  
  33  3:23  Overlord  
  34  3:29  Drone  
  34  3:30  Drone  
  36  3:39  Overlord  
  36  3:42  Drone x3  
  36  3:45  Spore Crawler  
  38  3:51  Drone  
  38  3:52  Drone x2  
  41  3:59  Queen  
  43  4:13  Zergling x4  
  45  4:18  Drone  
  45  4:19  Queen, Drone x4  
  52  4:35  Drone x6  
  58  4:39  Roach Warren  
  54  4:55  Drone  
  54  4:56  Drone x3  
  54  4:57  Spore Crawler  
  54  4:58  Drone  
  54  4:59  Spine Crawler, Drone  
  58  5:00  Overlord x2  
  58  5:05  Lair  
  58  5:17  Pneumatized Carapace  
  58  5:18  Drone  
  58  5:19  Drone x6  
  65  5:34  Zergling x4  
  66  5:42  Roach Warren  
  66  5:46  Zergling x2  
  66  5:59  Overlord, Extractor  
  66  6:00  Overlord  
  66  6:04  Hatchery x2  
  63  6:16  Extractor  
  63  6:17  Extractor  
  59  6:38  Zergling x2, Roach  
  59  6:39  Roach x11  
  82  6:47  Overlord  
  82  6:48  Overlord x5  
  82  7:06  Drone x3  
  82  7:07  Hatchery, Drone x3  
  87  7:11  Hydralisk Den  
  87  7:12  Drone x3  
  87  7:13  Drone x2  
  90  7:20  Zergling x4  
  92  7:27  Zergling x6  
  92  7:28  Zergling x10  
  100  7:31  Zergling x2  
  100  7:35  Extractor  
  100  7:36  Drone, Extractor  
  96  7:53  Zergling x10, Roach x3  
  96  7:54  Zergling x4, Roach x4  
  110  8:12  Zergling x2  
  100  8:13  Zergling x20  
  100  8:19  Grooved Spines  
  103  8:20  Drone x2  
  103  8:21  Drone  
  103  8:22  Drone x3  
  103  8:23  Drone x2  
  104  8:27  Drone  
  104  8:28  Drone x2, Extractor  
  94  8:49  Drone  
  94  8:50  Drone x5  
  94  8:53  Spore Crawler, Drone x3, Extractor  
  95  8:55  Drone  
  95  8:56  Hydralisk, Drone x2  
  95  8:57  Spore Crawler, Hydralisk x12  
  110  9:06  Spore Crawler  
  110  9:07  Spore Crawler  
  110  9:09  Spore Crawler  
  103  9:12  Zergling x2  
  103  9:13  Zergling x2, Hydralisk x5  
  115  9:19  Spore Crawler  
  115  9:22  Spine Crawler, Spore Crawler, Drone  
  115  9:23  Spine Crawler, Drone x2  
  114  9:30  Muscular Augments  
  114  9:40  Hydralisk x2  
  114  9:41  Hydralisk x5  
  124  10:08  Spire  
  124  10:09  Infestation Pit  
  124  10:13  Evolution Chamber  
  121  10:17  Evolution Chamber  
  118  10:23  Hydralisk x3  
  118  10:24  Hydralisk x2  
  118  10:25  Overseer x2  
  118  10:27  Roach  
  118  10:28  Roach x6  
  142  10:30  Overlord x5  
  142  10:38  Evolution Chamber  
  141  10:43  Zerg Missile Weapons Level 1  
  141  10:44  Zerg Melee Weapons Level 1  
  141  10:46  Hive  
  141  10:47  Zergling x2  
  142  10:58  Zergling x22  
  153  11:16  Zerg Ground Armor Level 1  
  153  11:20  Zerg Flyer Weapons Level 1  
  153  11:23  Burrow, Baneling Nest  
  153  11:24  Glial Reconstitution  
  152  11:26  Tunneling Claws  
  152  11:29  Zergling x6, Roach x3  
  152  11:30  Zergling x2, Roach x2  
  166  11:43  Hatchery  
  166  12:03  Overseer  
  166  12:08  Hatchery  
  166  12:11  Overlord x2  
  166  12:12  Spore Crawler  
  164  12:18  Overlord  
  164  12:19  Overlord x2, Viper  
  164  12:20  Viper x5  
  182  12:26  Overlord x2  
  182  12:30  Evolution Chamber  
  182  12:31  Evolution Chamber  
  182  12:32  Evolution Chamber  
  179  13:02  Baneling x2  
  179  13:03  Baneling x30  
  179  13:04  Centrifical Hooks  
  179  13:31  Hatchery  
  179  13:33  Spore Crawler  
  176  13:39  Zergling x2  
  176  13:40  Zergling x42  
  198  13:48  Zerg Missile Weapons Level 2  
  150  14:26  Hatchery  
  146  14:34  Zerg Ground Armor Level 2  
  146  14:35  Zerg Melee Weapons Level 2  
  146  14:36  Zerg Flyer Weapons Level 2  
  146  14:40  Hatchery  
  146  14:44  Ultralisk Cavern  
  145  15:00  Drone x9  
  145  15:06  Drone  
  154  15:07  Drone  
  154  15:09  Drone  
  154  15:10  Drone  
  144  15:35  Drone  
  130  15:36  Drone x6  
  130  15:38  Drone x4  
  130  15:39  Extractor  
  139  15:50  Zergling x4  
  140  16:01  Hatchery  
  131  16:07  Zerg Missile Weapons Level 3  
  102  16:22  Hydralisk  
  102  16:23  Hydralisk x9  
  106  16:36  Overlord  
  106  16:38  Drone x3  
  109  16:40  Drone x3  
  109  16:41  Drone x2  
  109  16:42  Drone x3  
  109  16:43  Drone  
  109  16:46  Drone x5  
  109  16:47  Drone x3  
  126  17:02  Drone  
  126  17:03  Drone x5  
  132  17:29  Hydralisk, Drone x5  
  127  17:30  Hydralisk x2  
  127  17:31  Roach x5, Corruptor x3  
  127  17:33  Zergling x14  
  127  17:34  Zergling x10  
  158  17:43  Spine Crawler  
  157  17:44  Spine Crawler  
  157  17:46  Spine Crawler, Spore Crawler  
  157  17:47  Drone  
  157  17:48  Spore Crawler, Drone x8  
  162  17:54  Zerg Ground Armor Level 3  
  162  17:57  Lurker Den  
  151  18:18  Ultralisk x2  
  151  18:19  Chitinous Plating  
  163  18:20  Zerg Flyer Weapons Level 3  
  163  18:23  Zerg Melee Weapons Level 3  
  163  18:25  Adrenal Glands  
  163  18:28  Hydralisk  
  163  18:29  Roach  
  163  18:30  Roach  
  163  18:32  Roach  
  163  18:33  Zergling x2  
  163  18:34  Zergling x2  
  173  18:37  Zergling x2  
  173  18:38  Zergling x6  
  177  18:43  Zergling x12  
  177  18:44  Zergling x2  
  146  19:03  Zergling x2  
  146  19:04  Zergling x24  
  146  19:10  Zergling x2, Hydralisk x7  
  146  19:12  Zergling x2  
  146  19:13  Zergling x4  
  146  19:14  Zergling x2  
  160  19:38  Anabolic Synthesis  
  141  19:46  Viper x4  
  142  19:56  Evolution Chamber  
  142  19:57  Evolution Chamber, Overseer  
  142  19:58  Overseer  
  128  20:01  Lurker x3  
  128  20:02  Lurker x4  
  128  20:03  Seismic Spines  
  128  20:04  Pathogen Glands  
  119  20:09  Hydralisk x2  
  119  20:10  Hydralisk x12  
  119  20:13  Baneling  
  119  20:14  Baneling  
  145  20:34  Zergling x6  
  144  20:45  Drone  
  144  20:46  Drone x6  
  149  21:00  Adaptive Talons  
  149  21:13  Extractor  
  149  21:14  Extractor  
  149  21:15  Extractor  
  149  21:16  Extractor x2  
  149  21:18  Drone x3, Extractor  
  147  21:19  Drone x3  
  147  21:20  Hydralisk  
  147  21:21  Hydralisk, Corruptor x3  
  147  21:23  Zergling x2, Ultralisk x6  
  196  21:37  Zergling x6  
  199  21:53  Hydralisk x14  
  177  22:45  Zergling x12  
  177  22:46  Zergling x40  
  112  23:06  Viper x3, Hydralisk  
  112  23:07  Hydralisk x7  
  112  23:08  Roach x8  
  152  23:24  Zergling x2  
  152  23:25  Roach x10  
  152  23:26  Roach  
  175  23:33  Baneling x13  
  172  23:34  Zergling x2  
  172  23:35  Zergling x12  
  172  23:41  Zergling x16  
  188  23:53  Zergling x2  
  188  23:54  Zergling x16  
  188  23:59  Zergling x2  
  188  24:00  Zergling x2  
  131  24:19  Zergling x2, Roach  
  131  24:20  Roach x12  
  151  24:27  Hatchery  
  150  24:38  Drone x3  
  153  24:39  Drone x3  
  153  24:40  Drone x6  
  153  24:41  Hydralisk  
  153  24:42  Hydralisk x10  
  153  24:45  Zergling x6  
  187  24:48  Zergling x6  
  190  24:55  Hatchery  
  190  24:56  Hatchery  
  190  24:59  Extractor  
  187  25:00  Extractor  
  187  25:05  Ravager x4  
  179  25:36  Spore Crawler  
  179  25:39  Spine Crawler x2  
  179  25:40  Spine Crawler  
  173  25:44  Hydralisk  
  173  25:45  Roach x2, Hydralisk x3  
  173  25:46  Roach x2, Hydralisk x2  
  173  25:47  Roach  
  196  25:55  Spore Crawler x2  
  186  26:09  Hatchery  
Show
View Real Time Build Order
Export as new Build Order

BossTerran Terran 

Build Orders: Reaper Expand 

Get SALT Encoding   

  12  0:01  SCV  
  13  0:13  SCV  
  14  0:18  Supply Depot  
  14  0:25  SCV  
  15  0:39  Refinery  
  15  0:40  SCV  
  16  0:47  Barracks  
  16  0:52  SCV  
  17  1:04  SCV  
  18  1:16  SCV  
  19  1:34  Reaper, Orbital Command  
  20  1:45  Command Center  
  20  1:53  Supply Depot  
  20  2:02  Factory  
  20  2:05  SCV  
  21  2:17  SCV  
  21  2:20  Barracks Reactor  
  22  2:29  SCV, Engineering Bay  
  23  2:41  SCV  
  24  2:47  Hellion  
  26  2:53  SCV  
  26  2:55  Refinery  
  26  2:58  Marine x2  
  29  3:01  Orbital Command  
  30  3:05  SCV  
  30  3:17  SCV  
  31  3:25  Starport  
  30  3:28  Hellion  
  30  3:29  SCV, Hellion  
  30  3:32  Orbital Command  
  35  3:42  SCV  
  35  3:43  Armory  
  36  3:50  Hellion  
  36  3:54  SCV  
  39  4:04  Hellion  
  39  4:05  Viking  
  39  4:07  SCV x2  
  45  4:18  Supply Depot  
  45  4:28  Supply Depot  
  45  4:32  Bunker  
  45  4:35  SCV  
  45  4:37  Supply Depot  
  46  4:39  SCV  
  46  4:40  Hellion  
  46  4:42  Starport Tech Lab  
  49  4:46  Fusion Core  
  49  4:47  SCV  
  49  4:51  SCV  
  51  4:59  SCV  
  52  5:01  Supply Depot  
  52  5:03  SCV  
  52  5:05  Supply Depot  
  53  5:09  Refinery  
  53  5:11  SCV  
  54  5:16  SCV, Hellion x2  
  59  5:23  SCV  
  59  5:24  Supply Depot  
  59  5:28  SCV  
  61  5:34  Supply Depot  
  61  5:36  SCV  
  61  5:40  Supply Depot  
  62  5:56  Battlecruiser  
  68  5:58  SCV  
  68  6:01  Command Center  
  68  6:02  Engineering Bay  
  69  6:05  Refinery  
  69  6:06  SCV  
  69  6:07  Widow Mine x2  
  69  6:10  SCV  
  69  6:11  Supply Depot  
  76  6:18  SCV  
  76  6:25  SCV  
  76  6:29  Hellion x2  
  81  6:38  SCV  
  78  6:41  SCV  
  78  6:44  Factory  
  78  6:45  Factory  
  79  6:48  Supply Depot  
  79  6:49  Missile Turret  
  79  6:50  Widow Mine  
  79  6:51  Terran Vehicle Weapons Level 1  
  79  6:52  SCV, Missile Turret  
  79  6:53  SCV  
  83  6:56  Missile Turret  
  83  7:04  SCV  
  84  7:11  SCV  
  85  7:18  Missile Turret  
  83  7:25  Orbital Command  
  83  7:28  Command Center, Widow Mine x2  
  83  7:29  Factory Tech Lab  
  87  7:30  Factory Tech Lab  
  87  7:33  Armory  
  87  7:43  SCV  
  84  7:46  Supply Depot  
  84  7:48  Battlecruiser, Missile Turret  
  83  8:04  Hellbat x2  
  83  8:05  Siege Tank  
  89  8:06  SCV  
  88  8:16  SCV  
  88  8:18  SCV  
  76  8:28  SCV  
  76  8:30  SCV  
  68  8:39  Supply Depot  
  68  8:40  SCV  
  68  8:43  SCV  
  68  8:46  Siege Tank x2  
  68  8:47  Hellbat  
  73  8:52  SCV  
  73  8:55  SCV  
  70  9:04  SCV  
  70  9:07  SCV  
  72  9:11  SCV x2  
  72  9:16  SCV  
  75  9:19  SCV  
  75  9:23  SCV, Hellbat  
  75  9:24  Hellbat  
  82  9:28  SCV, Siege Tank x2  
  89  9:31  SCV  
  89  9:35  SCV  
  90  9:40  SCV  
  90  9:43  SCV, Planetary Fortress  
  92  9:47  SCV  
  93  9:53  SCV  
  95  10:07  SCV x2  
  95  10:09  Hellbat x2  
  95  10:10  Siege Tank  
  103  10:16  SCV  
  103  10:18  Command Center  
  104  10:23  Missile Turret  
  104  10:26  SCV x2  
  106  10:34  Hellbat x2  
  106  10:35  Siege Tank  
  113  10:36  SCV x2  
  113  10:40  SCV x2  
  117  10:44  Supply Depot, Command Center  
  115  10:59  Terran Vehicle And Ship Armor Level 1  
  115  11:00  Factory  
  115  11:04  Factory  
  115  11:05  SCV x2, Factory  
  115  11:06  SCV, Hellbat x2  
  122  11:13  Missile Turret  
  122  11:15  Refinery  
  122  11:18  Refinery  
  122  11:23  SCV x2  
  122  11:25  Siege Tank x2  
  130  11:30  SCV  
  130  11:31  Factory  
  131  11:34  Command Center  
  131  11:37  Supply Depot  
  131  11:42  Hellbat x2  
  131  11:45  Terran Vehicle Weapons Level 2  
  135  11:48  SCV x2  
  137  11:56  Factory Reactor  
  137  11:57  Factory Tech Lab  
  137  12:01  Supply Depot  
  137  12:02  Supply Depot  
  137  12:03  Hellbat  
  137  12:06  Siege Tank  
  137  12:07  Siege Tank  
  137  12:08  Hellbat  
  147  12:17  Factory Tech Lab  
  147  12:24  Supply Depot  
  147  12:25  Hellbat  
  147  12:26  Siege Tank  
  147  12:29  Factory Reactor, Hellbat  
  154  12:37  Supply Depot  
  154  12:39  Siege Tank  
  157  12:46  Hellbat  
  157  12:47  Siege Tank  
  157  12:49  Hellbat x2  
  157  12:50  Hellbat  
  168  12:59  Supply Depot  
  168  13:04  SCV  
  169  13:07  Refinery  
  169  13:08  Hellbat  
  169  13:12  Hellbat  
  173  13:15  Siege Tank x3  
  173  13:16  Hellbat x2  
  186  13:21  Supply Depot  
  186  13:22  Starport  
  186  13:26  Starport  
  185  13:29  Hellbat  
  185  13:33  Hellbat  
  182  13:50  Hellbat  
  184  13:59  Hellion, Siege Tank  
  171  14:10  Factory Tech Lab  
  171  14:12  Hellbat  
  151  14:17  Siege Tank x2  
  151  14:19  Starport Reactor, Hellbat x2  
  151  14:21  Starport Reactor  
  138  14:31  Siege Tank  
  138  14:35  Planetary Fortress  
  138  14:41  Hellion  
  138  14:44  Missile Turret  
  138  14:45  Widow Mine x2  
  144  14:46  Widow Mine x2  
  144  14:52  Terran Vehicle And Ship Armor Level 2  
  148  14:55  Viking  
  148  14:56  Viking  
  148  14:57  Viking  
  154  15:04  Missile Turret  
  154  15:20  Viking  
  156  15:26  Missile Turret  
  119  15:40  Hellion, Hellbat  
  119  15:41  Viking x2  
  119  15:42  Hellion x2  
  131  15:49  Sensor Tower  
  132  15:50  SCV x3  
  133  16:01  Hellion  
  133  16:03  Hellion  
  134  16:18  SCV x3  
  124  16:26  SCV  
  124  16:27  Siege Tank  
  124  16:28  Liberator  
  124  16:29  Thor, Liberator  
  124  16:30  Thor  
  124  16:31  Hellbat x2  
  124  16:32  Siege Tank  
  153  16:34  Hellion x7  
  153  16:40  Orbital Command  
  153  16:48  Terran Vehicle Weapons Level 3  
  153  17:07  SCV  
  153  17:08  SCV  
  155  17:10  Missile Turret  
  155  17:11  Refinery  
  155  17:15  Refinery  
  155  17:17  Siege Tank x3  
  155  17:18  Hellbat x2  
  155  17:19  Hellbat  
  170  17:35  Infernal Pre-Igniter  
  168  17:51  Hellbat  
  168  17:52  Hellbat, Siege Tank x2  
  168  17:53  Liberator, Siege Tank  
  168  17:54  Liberator  
  175  18:12  Terran Vehicle And Ship Armor Level 3  
  175  18:17  SCV x2  
  174  18:36  Liberator  
  177  18:45  Siege Tank  
  177  18:46  Siege Tank x2  
  177  18:47  Hellbat x2  
  143  19:10  Hellbat  
  143  19:11  Hellbat x3  
  143  19:12  Hellbat  
  143  19:13  Hellbat  
  143  19:17  Siege Tank  
  143  19:18  Siege Tank x2  
  152  19:32  Hellbat  
  152  19:33  Hellbat  
  152  19:34  Hellbat x2  
  124  19:55  SCV x2, Hellbat  
  124  19:58  Liberator x2  
  132  20:00  Orbital Command  
  122  20:26  Thor, Siege Tank  
  122  20:28  Hellbat x3  
  137  20:29  Hellbat  
  137  20:41  Missile Turret  
  135  20:47  SCV x2  
  135  20:49  Hellbat, Refinery  
  137  20:50  Refinery  
  137  20:58  Advanced Ballistics  
  137  21:00  Liberator x2  
  141  21:25  Hellbat x2  
  147  21:26  Hellbat x2, Siege Tank  
  147  21:27  Siege Tank x2  
  147  21:29  Liberator x2  
  164  21:46  Hellbat  
  166  21:51  Liberator x2  
  166  21:53  Widow Mine x2  
  178  21:54  Widow Mine  
  178  22:08  Widow Mine  
  174  22:28  Thor x2  
  174  22:29  Hellbat  
  190  22:30  Hellbat x3  
  149  24:16  Hellion x2  
  106  24:23  Thor x2  
  90  24:24  Hellion  
  90  24:26  Hellbat  
  90  24:27  Liberator x2  
  90  24:28  Viking  
  102  24:37  Hellbat x2  
  106  24:46  Hellion x3  
  103  25:04  Supply Depot  
  103  25:05  Supply Depot x2  
  103  25:26  Hellbat x2  
Tags
 
Add a new tag
Caveats
  • Supply blocks, unpowered buildings, or Contaminate may cause inaccurate times.
  • Supply counts are checked every 10 seconds.